 Dungeon Crawl Stone Soup version 0.27-a0-679-g77a6b55cf3 (webtiles) character file.

Game seed: 8322408623297457307

1075 jasper the Chopper (level 8, -6/63 HPs)
             Began as a Formicid Fighter on Mar 18, 2021.
             Was an Initiate of Ashenzari.
             Mangled by a gnoll sergeant
             ... wielding a +0 spear
              (8 damage)
             ... on level 8 of the Dungeon.
             The game lasted 00:07:13 (4970 turns).

jasper the Chopper (Formicid Fighter)               Turns: 4970, Time: 00:07:14

Health: -6/63      AC: 15    Str: 24    XL:     8   Next: 54%
Magic:  8/8        EV:  6    Int:  7    God:    Ashenzari [......]
Gold:   127        SH: 10    Dex: 10    Spells: 7/7 levels left

rFire    . . .     SeeInvis +   q - +0 war axe (freeze)
rCold    + . .     Faith    .   c - +0 kite shield of the Bound Planets {Cun, Melee} (curse)
rNeg     . . .     Spirit   .   k - +0 plate armour
rPois    .         Reflect  .   (helmet unavailable)
rElec    .         Harm     .   r - +0 cloak
rCorr    .         Rampage  .   l - +0 pair of gloves
Will     .....                  (no boots)
Stlth    ..........             (no amulet)
HPRegen  0.20/turn              y - ring of protection from cold
MPRegen  0.11/turn              (no ring)

@: mighty, lethally poisoned (-6 -> -12)
A: permanent stasis, dig shafts and tunnels, antennae 3, four strong arms
a: Dig, Shaft Self, Renounce Religion, Shatter the Chains


You were on level 8 of the Dungeon.
You worshipped Ashenzari.
Ashenzari was noncommittal.
You visited 1 branch of the dungeon, and saw 7 of its levels.

You collected 228 gold pieces.
You spent 101 gold pieces at shops.

Inventory:

Hand Weapons
 a - a +0 war axe
 n - a +0 war axe
 q - a +0 war axe of freezing (weapon)
 u - a +2 vorpal hand axe
Missiles
 f - 171 stones (quivered)
 g - 31 sling bullets
 o - 2 javelins
 s - 7 boomerangs
 A - 9 poisoned darts
Armour
 b - a +0 scale mail
 c - the cursed +0 kite shield of the Bound Planets (worn) {Cun, Melee}

   It has a curse placed upon it.
 k - a +0 plate armour (worn)
 l - a +0 pair of gloves (worn)
 r - a +0 cloak (worn)
Jewellery
 y - a ring of protection from cold (right hand)
Wands
 z - a wand of iceblast (11)
Scrolls
 e - 5 scrolls of teleportation
 h - 2 scrolls of enchant weapon
 i - 3 scrolls of magic mapping
 m - a scroll of amnesia
 p - a scroll of identify
 t - a scroll of fog
 w - a scroll of enchant armour
 x - a scroll of holy word
Potions
 j - 3 potions of degeneration
 v - 2 potions of mutation


   Skills:
 + Level 5.6 Fighting
 * Level 6.2(6.8) Axes
 + Level 5.6 Armour
 + Level 6.2 Shields


You had 7 spell levels left.
You didn't know any spells.
Your spell library was empty.

Dungeon Overview and Level Annotations

Branches:
Dungeon (9/15)
 Temple: D:4-7         Lair: D:8-11         Orc: D:9-12

Altars:
Ashenzari
Fedhas

Shops:
D:2 !*=(   D:3 [

Annotations:
D:3 3 runed translucent doors, Girdio's ghost, amateur DDFi; Shayle's ghost, amateur GnMo; krigyl's ghost, weakling TrIE
D:4 3 runed translucent doors, OTABOTABOTAB's ghost, amateur DrCj; chippings's ghost, novice TeMo; coolguy69's ghost, amateur GrGl; robertstho's ghost, novice MiHu
D:5 Crazy Yiuf
D:8 Harold


Innate Abilities, Weirdness & Mutations

You cannot be hasted, slowed, berserked, paralysed or teleported.
You can dig through walls and to a lower floor.
You have a pair of large antennae on your head. (SInv)
Your four strong arms can wield two-handed weapons with a shield.


Message History

You block the scorpion's attack.
The gnoll sergeant hits you from afar with a +0 spear.
The gnoll hits you but does no damage. Harold hits you with a +0 scimitar.
The orc warrior hits you with a +0 trident!
* * * LOW HITPOINT WARNING * * *
You take 19 damage, and have 6/63 hp.
MASSIVE DAMAGE!!
Unknown command.
Okay, then.
You miss the quokka. You hit Harold. You freeze Harold. You slash the gnoll!
You freeze the gnoll.
You kill the gnoll!
You hit the orc warrior. You freeze the orc warrior. You closely miss the orc.
You closely miss the gnoll. You hit the scorpion. You freeze the scorpion.
* * * LOW HITPOINT WARNING * * *
You feel sick.
The quokka bites you but does no damage.
You block the orc's attack. You block the gnoll sergeant's attack.
You block the scorpion's attack. The gnoll hits you but does no damage.
Harold hits you but does no damage. The quokka barely misses you.
The gnoll hits you but does no damage.
You take 1 damage, and have 5/63 hp.
Unknown command.
Unknown command.
Your plate armour prevents you from hitting Harold.
Harold is lightly wounded.
You hit the orc warrior. You freeze the orc warrior.
You barely miss the orc wizard. You closely miss the orc.
You barely miss the gnoll.
Your plate armour prevents you from hitting the scorpion.
You hit the quokka. You freeze the quokka.
You kill the quokka!
* * * LOW HITPOINT WARNING * * *
You feel sick. You block the orc's attack. You block the scorpion's attack.
The gnoll sergeant hits you but does no damage.
The orc warrior barely misses you. The gnoll hits you with a +0 club.
* * * LOW HITPOINT WARNING * * *
Harold barely misses you. The bullfrog barely misses you.
The orc wizard closely misses you. You block the gnoll's attack.
The gnoll sergeant hits you from afar with a +0 spear!
You die...

.###.........
.............##
..............#
....<........#
............#
#........#
..##....Y...#
....$..sgo..###
......gF@o....#
......g@o.....#
..............#
........#....##
.......###...#
#.....# #..#
...... ###
####..


You could see Harold, an orc warrior, a sky beast (invisible), a gnoll sergeant,
a bullfrog, a scorpion, an orc wizard, 2 gnolls and an orc.

Vanquished Creatures
  Grinder (D:4)
  Sigmund (D:5)
  A sky beast (D:9)
  An ogre (D:5)
  2 centaurs
  Blork the orc (D:4)
  A jelly (D:5)
  An orc priest (D:9)
  A bullfrog skeleton (D:9)
  2 worker ants (D:4)
  2 hound skeletons
  6 adders
  A gnoll (D:8)
  2 shadow imps
  4 worms
  2 dart slugs
  2 leopard geckos (D:1)
  An orc (D:8)
  A ball python (D:1)
  10 bats
  4 giant cockroaches
  6 goblins
  10 hobgoblins
  3 jackals (D:3)
  6 quokkas
  2 frilled lizards (D:3)
  12 kobolds
  A quokka skeleton (D:3)
  5 rats
92 creatures vanquished.

Vanquished Creatures (others)
  4 fungi (D:4)
  3 plants (D:4)
7 creatures vanquished.

Grand Total: 99 creatures vanquished

Notes
Turn   | Place    | Note
-------+----------+-------------------------------------------
     0 | D:1      | jasper the Formicid Fighter began the quest for the Orb.
     0 | D:1      | Reached XP level 1. HP: 18/18 MP: 1/1
   148 | D:1      | Reached XP level 2. HP: 24/24 MP: 2/2
  1064 | D:1      | Reached XP level 3. HP: 27/29 MP: 3/3
  1131 | D:2      | Found Hoom's Jewellery Boutique.
  1183 | D:2      | Found Ozxubot's General Store.
  1633 | D:2      | Found Suwkuzuv's Weapon Emporium.
  1700 | D:2      | Reached XP level 4. HP: 36/37 MP: 4/4
  1725 | D:2      | Bought a +0 war axe for 38 gold pieces
  1853 | D:2      | Found Litauzirph's Distillery.
  2519 | D:3      | Reached XP level 5. HP: 42/42 MP: 5/5
  2542 | D:3      | Found a broken altar of Ashenzari.
  2559 | D:3      | Became a worshipper of Ashenzari the Shackled
  2637 | D:3      | Found Ruohup's Armour Shoppe.
  2653 | D:3      | Bought a +0 cloak for 63 gold pieces
  3087 | D:3      | Found a runed translucent gate.
  3092 | D:3      | Found a runed translucent gate.
  3093 | D:3      | Found a runed translucent gate.
  3094 | D:3      | Noticed Girdio's ghost (amateur DDFi)
  3094 | D:3      | Noticed Shayle's ghost (amateur GnMo)
  3095 | D:3      | Noticed krigyl's ghost (weakling TrIE)
  3331 | D:4      | Found a blossoming altar of Fedhas.
  3616 | D:4      | Noticed Blork the orc
  3622 | D:4      | Killed Blork the orc
  3623 | D:4      | Reached XP level 6. HP: 49/49 MP: 6/6
  3630 | D:4      | Noticed Grinder
  3647 | D:4      | Killed Grinder
  3648 | D:4      | Reached skill level 5 in Shields
  3648 | D:4      | Reached XP level 7. HP: 30/55 MP: 7/7
  3835 | D:4      | Found a runed translucent gate.
  3836 | D:4      | Found a runed translucent gate.
  3838 | D:4      | Found a runed translucent gate.
  3838 | D:4      | Noticed chippings's ghost (novice TeMo)
  3838 | D:4      | Noticed coolguy69's ghost (amateur GrGl)
  3839 | D:4      | Noticed OTABOTABOTAB's ghost (amateur DrCj)
  3840 | D:4      | Noticed robertstho's ghost (novice MiHu)
  4018 | D:5      | Entered Level 5 of the Dungeon
  4140 | D:5      | Reached skill level 5 in Axes
  4337 | D:5      | Reached skill level 5 in Fighting
  4483 | D:5      | Reached skill level 5 in Armour
  4554 | D:5      | Noticed Sigmund
  4562 | D:5      | Killed Sigmund
  4563 | D:5      | Reached XP level 8. HP: 62/62 MP: 8/8
  4618 | D:5      | Found a runed translucent door.
  4619 | D:5      | Identified the +6 mace of Doom {vorpal, +Inv SInv}
  4619 | D:5      | Noticed Crazy Yiuf
  4645 | D:5      | You fall into a shaft and drop 3 floors!
  4657 | D:8      | Noticed a two-headed ogre
  4908 | D:8      | Noticed Harold
  4970 | D:8      | HP: 2/63 [gnoll/+0 club (3)]
  4970 | D:8      | Mangled by a gnoll sergeant

Illustrated notes

Levels and vault maps discovered:
D:1:      doesnt_arrival_eight_statues, layout_basic
D:2:      kennysheep_big_flooded_room, layout_loops_cross, serial_shops,
          nicolae_shop_waterfront, shop, nicolae_shop_waterfront, shop,
          kennysheep_pointless_box, minmay_box_of_dots
D:3:      layout_basic, nicolae_ashenzari_panopticon, serial_shops, shop,
          gammafunk_ghost_cemetery, hex_tiny
D:4:      layout_basic, gammafunk_ghost_cemetery, fedhas_altar_3, uniq_grinder,
          uniq_blork_the_orc
D:5:      layout_basic, uniq_crazy_yiuf_cottage, uniq_sigmund
D:8:      layout_cave_pools, uniq_harold
D:9:      lemuel_upstairs_altar, layout_irregular_city

Skill      XL: |  1  2  3  4  5  6  7  8 |
---------------+-------------------------+-----
Shields        | 4 5 6 |  6.2
Axes           | 3 4 5 6 |  6.2
Fighting       | 4 5 |  5.6
Armour         | 4 5 |  5.6

Action                   |  1- 3 |  4- 6 |  7- 9 || total
-------------------------+-------+-------+-------++-------
Melee: War axe           |    98 |   143 |     2 ||   243
       Hand axe          |       |    19 |    64 ||    83
Throw: Stone             |    16 |       |       ||    16
Invok: Curse Item        |       |       |     1 ||     1
 Abil: Dig               |     1 |     5 |     1 ||     7
       Shaft Self        |       |       |     1 ||     1
  Use: Potion            |       |     1 |     2 ||     3
       Scroll            |       |       |     2 ||     2
Armor: Scale mail        |    25 |       |       ||    25
       Plate armour      |    27 |    99 |    63 ||   189
Dodge: Dodged            |    24 |    27 |    25 ||    76
Block: Kite shield       |    78 |    79 |    47 ||   204

Table legend: (Time is in decaauts)
 A = Elapsed time spent in this place.
 B = Non-inter-level travel time spent in this place.
 C = Inter-level travel time spent in this place.
 D = Time resting spent in this place.
 E = Time spent auto-exploring this place.
 F = Levels seen in this place.
 G = Mean time per level.
                   A        B        C        D        E       F      G
               +--------+--------+--------+--------+--------+-----+--------+
         Total |   5123 |   5047 |     76 |    986 |   3055 |   7 |  731.9 |
       Dungeon |   5123 |   5047 |     76 |    986 |   3055 |   7 |  731.9 |
               +--------+--------+--------+--------+--------+-----+--------+

Top non-repeatable levels by time:
     D:2: 1256 daAuts
     D:1: 1160 daAuts
     D:3: 1017 daAuts
     D:4: 731 daAuts
     D:5: 630 daAuts
     D:9: 290 daAuts
     D:8: 37 daAuts
